Unix NetHack Version 3.7.0-95 Work-in-progress - last build Jan 2 2024 07:50:30 (6a0ccc5fa2390e420dd2d488a2f9488d2ae3a63b,branch:master). Game began 2024-01-13 22:18:13, ended 2024-01-13 22:33:36. 9629, lawful male human Samurai ------ ------- |.....######## |.....-############################## ---------- |.<..| ######|.....| ##'@e..........| |....| #|.....| .- .......| |..[.| #---.--- ...| |.....# ###### | --|---# # # # #### # # ### ------------- # ###............| ##### |...........| -.---------- ###............| |..........| # |...........| |..........| # ------------- |..........*### ------------ 9629 the Ninja St:10 Dx:18 Co:18 In:8 Wi:10 Ch:8 Lawful Dlvl:5 $:92 HP:0(78) Pw:26(26) AC:3 Xp:7/640 T:1660 Latest messages: There is a blue jelly corpse here; eat it? [ynq] (n) Blecch! Rotten food! You feel rather light headed. d - 3 +0 ya (in quiver) (32 in total). You have a little trouble lifting a black potion. Continue? [ynq] (q) You learn more about your items by comparing them. You have a little trouble lifting v - an uncursed black potion (2 in total). Your movements are slowed slightly because of your load. You feel less confused now. What do you want to drink? You feel more experienced. Welcome to experience level 7. Your movements are now unencumbered. What do you want to drink? You feel better. You swap places with your kitten. You see here an uncursed elven dagger. q - an uncursed elven dagger. Hachi picks up a white gem. Hachi drops a white gem. You see here 4 gold pieces. $ - 4 gold pieces (63 in total). You see here 29 gold pieces. $ - 29 gold pieces (92 in total). The door opens. You begin bashing monsters with your yumi. You hit the floating eye. You are frozen by the floating eye's gaze! The gold golem hits! The gold golem hits again! The gold golem hits! The gold golem hits again! The gold golem hits! The gold golem hits again! The gold golem hits! The gold golem hits again! The gold golem hits! The gold golem hits again! The gold golem hits! The gold golem hits again! The gold golem hits! The gold golem hits again! The gold golem hits! The gold golem hits again! The gold golem hits! The gold golem hits again! The gold golem hits! You die... Do you want your possessions identified? [ynq] (y) Do you want to see your attributes? [ynq] (y) Inventory: Coins $ - 92 gold pieces Amulets s - an uncursed amulet of ESP Weapons d - 32 +0 ya (in quiver) c - a +0 yumi (weapon in right hand) q - a +0 elven dagger a - a +0 katana b - a +0 wakizashi (alternate weapon; not wielded) Armor l - an uncursed +0 orcish helm (being worn) e - an uncursed rustproof +0 splint mail (being worn) Comestibles y - a cursed carrot f - an uncursed gunyoki Scrolls h - an uncursed scroll of remove curse g - a blessed scroll of taming Potions t - an uncursed potion of gain ability v - an uncursed potion of gain level o - 2 uncursed potions of healing Rings u - a cursed -1 ring of gain constitution r - an uncursed ring of slow digestion i - an uncursed ring of teleport control Wands j - a wand of light (0:12) k - a wand of polymorph (0:5) 9629 the Samurai's attributes: Background: You were a Ninja, a level 7 male human Samurai. You were lawful, on a mission for Amaterasu Omikami who was opposed by Raijin (neutral) and Susanowo (chaotic). You were right-handed. You were in the Dungeons of Doom, on level 5. You entered the dungeon 1660 turns ago. It was nighttime. There was a new moon in effect when your adventure ended. You had 640 experience points, 640 more were needed to attain level 8. Basics: You had 0 out of 78 hit points. You had all 26 energy points (spell power). Your armor class was 3. Your wallet contained 92 zorkmids. Autopickup was off. Final Characteristics: Your strength was 10 (peak:13, limit:18/100). Your dexterity was 18 (limit:18). Your constitution was 18 (limit:18). Your intelligence was 8 (limit:18). Your wisdom was 10 (limit:18). Your charisma was 8 (limit:18). Final Status: You weren't hungry. You were unencumbered. You were wielding a bow. You had basic skill with bow. Final Attributes: You were devoutly aligned. You were warded. You were fast. You are dead. Miscellaneous: You never encountered a bones level. Total elapsed playing time was 15 minutes and 23 seconds. Major events: Turn 1: 9629 the lawful male human Samurai entered the dungeon 682: attained the rank of Ronin (level 3) 1484: attained the rank of Ninja (level 6) 1660: killed by a gold golem, while frozen by a floating eye's gaze Vanquished creatures: a blue jelly 13 fog clouds a homunculus an acid blob a hobbit 2 giant rats a cave spider a red mold a gnome zombie 2 jackals a kobold 2 goblins a grid bug 4 bats 2 lichens 2 kobold zombies 5 newts 41 creatures vanquished. No species were genocided or became extinct. Voluntary challenges: You read items or engraved 2 times. You engraved Elbereth 1 time. You never genocided any monsters. You never polymorphed an object. You never changed form. You used no wishes. Achievements: You entered a shop. You attained the rank of Ronin. You attained the rank of Ninja. The Dungeons of Doom: levels 1 to 5 Level 1: An altar, a fountain, a grave. Level 2: Level 3: Some fountains. Level 4: Level 5: <- You were here. Final resting place for you, killed by a gold golem, while frozen by a floating eye's gaze. Game over: ---------- / \ / REST \ / IN \ / PEACE \ / \ | 9629 | | 92 Au | | killed by a gold | | golem | | | | | | 2024 | *| * * * | * _________)/\\_//(\/(/\)/\//\/|_)_______ Sayonara 9629 the Samurai... You died in The Dungeons of Doom on dungeon level 5 with 1699 points, and 92 pieces of gold, after 1660 moves. You were level 7 with a maximum of 78 hit points when you died.